 Dungeon Crawl Stone Soup version 0.30.0-13-g156ef70053 (webtiles) character file.

Game seed: 17479313681891886020

1214 browni3141 the Chopper (level 8, -2/65 (70) HPs)
             Began as a Minotaur Fighter on May 17, 2023.
             Slain by a gnoll
             ... wielding a +1 flail of draining
             ... led by a gnoll bouda
              (10 damage)
             ... on level 6 of the Dungeon.
             The game lasted 00:02:19 (5288 turns).

browni3141 the Chopper (Minotaur Fighter)           Turns: 5288, Time: 00:02:20

HP:   -2/65 (70)    AC: 12    Str: 22    XL:     8   Next: 22%
MP:   7/7           EV:  7    Int:  5    God:
Gold: 242           SH:  5    Dex: 11    Spells: 7/7 levels left

rFire   . . .        a - +0 war axe
rCold   . . .        c - +0 buckler
rNeg    . . .        W - +0 plate armour
rPois   .            (helmet restricted)
rElec   .            (no cloak)
rCorr   .            (no gloves)
SInv    .            (no boots)
Will    .....        (no amulet) Stlth
                     (no ring)
HPRegen 0.30/turn    (no ring)
MPRegen 0.10/turn

%: no passive effects
@: weakened, drained
A: horns 2, retaliatory headbutt
a: no special abilities


You were on level 6 of the Dungeon.
You visited 1 branch of the dungeon, and saw 6 of its levels.

You collected 242 gold pieces.

Inventory:

Hand Weapons
 a - a +0 war axe (weapon)
Missiles
 T - 5 boomerangs
 Z - a throwing net (quivered)
Armour
 b - a +0 scale mail
 c - a +0 buckler (worn)
 W - a +0 plate armour (worn)
Jewellery
 E - a +5 ring of evasion
 J - a +5 ring of evasion
 P - a ring of ice
Scrolls
 D - a scroll of vulnerability {unknown}
 G - a scroll of teleportation {unknown}
 H - 3 scrolls of acquirement {unknown}
 I - a scroll of magic mapping {unknown}
 K - 2 scrolls of immolation {unknown}
 N - 7 scrolls of identify {unknown}
 Q - 2 scrolls of enchant weapon {unknown}
 R - 2 scrolls of brand weapon {unknown}
 S - a scroll of poison {unknown}
 V - a scroll of summoning {unknown}
Potions
 F - a potion of brilliance {unknown}
 L - a potion of degeneration {unknown}
 M - 3 potions of might
 O - 3 potions of curing {unknown}
 U - 2 potions of flight {unknown}
 X - 3 potions of lignification {unknown}
 Y - 2 potions of mutation {unknown}


   Skills:
 + Level 6.0 Fighting
 * Level 7.3 Axes
 + Level 6.0 Armour
 + Level 4.0 Dodging
 + Level 6.0 Shields


You had 7 spell levels left.
You didn't know any spells.
Your spell library contained the following spells:

 Spells                   Type           Power      Damage    Failure   Level
 Ensorcelled Hibernation  Hex/Ice        0%         N/A       100%        2
 Spider Form              Tmut/Pois      0%         N/A       100%        3
 Anguish                  Hex/Necr       0%         N/A       100%        4


Dungeon Overview and Level Annotations

Branches:
Dungeon (6/15)
 Temple: D:4-7

Altars:
Ashenzari
Cheibriados
Elyvilon
Makhleb
Qazlal
Trog
Uskayaw
Zin
The Shining One


Innate Abilities, Weirdness & Mutations

You have a pair of horns on your head.
You reflexively headbutt those who attack you in melee.


Message History

A hound comes into view.
The gnoll hits you but does no damage.
The gnoll bouda barks out a call to the hunt!
The gnolls pick up the pace!
You slash the gnoll!
You kill the gnoll!
You hit the gnoll. You closely miss the gnoll. You slash the bullfrog!
The bullfrog hits you. The gnoll closely misses you. You furiously retaliate!
You headbutt the gnoll!
You kill the gnoll!
You block the bullfrog's attack. The gnoll hits you with a +0 flail.
You slash the bullfrog!
You kill the bullfrog!
You slash the gnoll! You hit the gnoll but do no damage.
You block the gnoll's attack.
Your Shields skill increases to level 6!
You hit the gnoll bouda.
The gnoll bouda is moderately wounded.
You closely miss the gnoll. The gnoll barely misses you.
The gnoll completely misses you. You furiously retaliate!
You headbutt the gnoll!
You kill the gnoll!
The gnoll bouda hits you with a +0 whip!
Your Fighting skill increases to level 6!
You barely miss the gnoll bouda.
You headbutt the gnoll bouda, but do no damage.
The gnoll bouda is moderately wounded.
You hit the gnoll. You slash the hound! The hound barely misses you.
You furiously retaliate!
You headbutt the hound!
You kill the hound!
The gnoll hits you with a +4 flail! The gnoll closely misses you.
The gnoll bouda gazes fiercely through you!
You feel your attacks grow feeble.
The gnoll bouda hits you but does no damage.
The gnoll barely misses you.
Your Armour skill increases to level 6!
Your Dodging skill increases to level 4!
You closely miss the gnoll bouda.
You headbutt the gnoll bouda, but do no damage.
The gnoll bouda is moderately wounded.
You hit the gnoll. You closely miss the gnoll. The gnoll barely misses you.
The gnoll bouda calls upon its god to heal the gnoll.
The gnoll is healed somewhat.
The gnoll hits you with a +4 flail.
You hit the gnoll bouda. Your headbutt misses the gnoll bouda.
The gnoll bouda is heavily wounded.
You barely miss the gnoll. You closely miss the gnoll.
The gnoll barely misses you. You furiously retaliate!
You headbutt the gnoll! The gnoll bouda closely misses you.
The gnoll hits you but does no damage.
You hit the gnoll.
The gnoll is severely wounded.
You hit the gnoll.
You hit the gnoll bouda but do no damage.
The gnoll hits you with a +1 flail of draining!
You feel drained. The gnoll bouda misses you.
The gnoll hits you but does no damage.
You completely miss the gnoll.
The gnoll is severely wounded.
You slash the gnoll! You hit the gnoll bouda.
The gnoll hits you with a +1 flail of draining.
You feel drained.
The gnoll bouda utters an invocation to its god.
The gnoll bouda is healed somewhat.
The gnoll barely misses you.
You closely miss the gnoll.
The gnoll is almost dead.
You hit the gnoll bouda. You closely miss the gnoll.
The gnoll hits you with a +1 flail of draining.
You feel drained.
The gnoll bouda gazes fiercely through you!
You feel as though you will be weak longer.
The gnoll bouda hits you with a +0 whip.
You block the gnoll's attack.
The gnoll bouda attacks as you move away!
The gnoll bouda hits you but does no damage.
The gnoll barely misses you.
You see here a bullfrog corpse.
The gnoll attacks as you move away! The gnoll hits you with a +4 flail.
The gnoll bouda gazes fiercely through you!
You feel as though you will be weak longer.
Throw: 3 throwing nets
Press: ? - help, Q - select action, (/) - cycle Shift-Dir - straight line, f - gnoll
Aim: a gnoll, wielding a +4 flail (almost dead, covering ground quickly, 63% to hit)
You throw a throwing net. The throwing net hits the gnoll.
The gnoll is caught in the net!
The gnoll is almost dead.
The gnoll struggles against the net.
The gnoll bouda barks out a call to the hunt!
The gnoll picks up the pace!
The gnoll struggles against the net.
You hit the gnoll.
You kill the gnoll!
The gnoll hits you with a +1 flail of draining.
You feel drained.
Throw: 2 throwing nets
Press: ? - help, Q - select action, (/) - cycle Shift-Dir - straight line, f - gnoll
Aim: a gnoll, wielding a +1 flail of draining (severely wounded, covering ground quickly, 63% to hit)
You throw a throwing net.
The throwing net barely misses the gnoll.
The throwing net barely misses the gnoll bouda.
The gnoll hits you with a +1 flail of draining!
You die...

.#<# #.#....#
##.#
.######.#.##.#
#.#
...........#.#
..# ######.#..#
# ### #.##.#
#.####.#
######......#
#......######
#.####@# #..#g#
#..#g# #..#.#
#).†.#
......))........
....!...........
...?.....(......
...........###+#


You could see a gnoll bouda and a gnoll (swift).

Vanquished Creatures
  An ice beast (D:6)
  A black bear (D:5)
  A phantom (D:4)
  A bullfrog (D:6)
  2 scorpions
  A howler monkey (D:3)
  A crimson imp (D:4)
  A jelly (D:4)
  3 hounds
  2 orc priests (D:5)
  Terence (D:3)
  3 sleepcaps
  3 iguanas
  3 orc wizards
  14 gnolls
  2 adders
  11 orcs
  4 ball pythons
  7 endoplasms
  2 giant cockroaches
  7 goblins
  12 hobgoblins
  9 jackals
  7 kobolds
  4 quokkas
  10 bats
  2 frilled lizards (D:1)
  A goblin skeleton (D:4)
  A goblin zombie (D:4)
  4 hobgoblin zombies (D:4)
  A kobold zombie (D:4)
  An orc skeleton (D:4)
  2 orc zombies (D:4)
  4 rats
129 creatures vanquished.

Notes
Turn   | Place    | Note
-------+----------+-------------------------------------------
     0 | D:1      | browni3141 the Minotaur Fighter began the quest for the
                  | Orb.
     0 | D:1      | Reached XP level 1. HP: 19/19 MP: 0/0
   195 | D:1      | Reached XP level 2. HP: 27/27 MP: 1/1
   844 | D:1      | Reached skill level 3 in Axes
  1314 | D:2      | Reached XP level 3. HP: 11/33 MP: 2/2
  1910 | D:2      | Reached XP level 4. HP: 40/40 MP: 3/3
  2394 | D:3      | Reached skill level 4 in Axes
  2434 | D:3      | Noticed Terence
  2440 | D:3      | Killed Terence
  2441 | D:3      | Reached XP level 5. HP: 24/47 MP: 4/4
  2867 | D:4      | Found a bloodstained altar of Trog.
  2906 | D:4      | Found a hide-covered altar of Uskayaw.
  2917 | D:4      | Reached XP level 6. HP: 29/53 MP: 5/5
  3051 | D:4      | Reached skill level 5 in Axes
  3073 | D:4      | Found a white marble altar of Elyvilon.
  3078 | D:4      | Found a snail-covered altar of Cheibriados.
  3083 | D:4      | Found a stormy altar of Qazlal.
  3314 | D:4      | Found a burning altar of Makhleb.
  3388 | D:4      | Found a glowing golden altar of the Shining One.
  3417 | D:4      | Found a glowing silver altar of Zin.
  3770 | D:4      | Found a broken altar of Ashenzari.
  3781 | D:4      | Reached XP level 7. HP: 45/61 MP: 6/6
  4153 | D:5      | Entered Level 5 of the Dungeon
  4179 | D:5      | Reached skill level 3 in Dodging
  4385 | D:5      | Reached skill level 6 in Axes
  5192 | D:6      | Reached skill level 7 in Axes
  5192 | D:6      | Reached XP level 8. HP: 70/70 MP: 7/7
  5274 | D:6      | Reached skill level 6 in Shields
  5275 | D:6      | Reached skill level 6 in Fighting
  5276 | D:6      | Reached skill level 6 in Armour
  5288 | D:6      | Slain by a gnoll

Illustrated notes

Levels and vault maps discovered:
D:1:      dpeg_arrival_fog, layout_basic, serial_corexii_hall,
          corexii_hall_statues_x, corexii_hall_statues_i
D:2:      kennysheep_big_flooded_room, layout_basic, minivault_19,
          minmay_tromino_v4_c
D:3:      layout_rooms, hangedman_decor_peaks_small, uniq_terence
D:4:      layout_basic, zin_academy, minmay_overflow_temple_star_quad,
          kennysheep_mini, kennysheep_little_box, nicolae_tso_besieged_by_evil,
          mainiacjoe_overflow_large_starburst
D:5:      layout_layer_cave
D:6:      layout_basic

Skill      XL: |  1  2  3  4  5  6  7  8 |
---------------+-------------------------+-----
Axes           | 3 4 5 7 |  7.3
Fighting       | 4 5 6 |  6.0
Armour         | 4 5 6 |  6.0
Dodging        | 1 2 3 4 |  4.0
Shields        | 4 5 6 |  6.0

Action                     |  1- 3 |  4- 6 |  7- 9 || total
---------------------------+-------+-------+-------++-------
  Melee: War axe           |    69 |   140 |    66 ||   275
         Headbutt          |     4 |    15 |    15 ||    34
  Throw: Throwing net      |       |       |     2 ||     2
 Armour: Scale mail        |    30 |     9 |       ||    39
         Plate armour      |       |    86 |    66 ||   152
  Dodge: Dodged            |    32 |    48 |    40 ||   120
  Block: Buckler           |    21 |    25 |    23 ||    69
